 Dungeon Crawl Stone Soup version 0.19-a0-665-g79b24d5 (webtiles) character file.

560 Musica the Skirmisher (level 7, -1/66 HPs)
             Began as a Minotaur Fighter on June 16, 2016.
             Was an Initiate of the Shining One.
             Splashed by a jelly's acid (3 damage)
             ... on level 5 of the Dungeon.
             The game lasted 00:12:59 (3201 turns).

Musica the Skirmisher (Minotaur Fighter)            Turns: 3201, Time: 00:12:59

Health: -1/66      AC: -13   Str: 19 (20) XL:     7   Next: 9%
Magic:  6/6        EV:  7    Int:  2 (5)  God:    the Shining One [......]
Gold:   147        SH:  9    Dex: 11 (12) Spells: 0 memorised, 6 levels left

rFire  . . .     SeeInvis .     a - +0 flail
rCold  . . .     Gourm    .     b - +0 scale mail
rNeg   . . .     Faith    .     c - +0 shield
rPois  .         Spirit   .     (helmet restricted)
rElec  .         Dismiss  .     (no cloak)
rCorr  .         Reflect  .     (no gloves)
SustAt .         Harm     .     (no boots)
MR     .....                    (no amulet)
Stlth  ..........               (no ring)
                                (no ring)

@: corroded, glowing, not resistant to hostile enchantments, extremely
unstealthy
A: retaliatory headbutt, horns 2
a: Renounce Religion


You were on level 5 of the Dungeon.
You worshipped the Shining One.
The Shining One was noncommittal.
You were not hungry.

You visited 1 branch of the dungeon, and saw 6 of its levels.
You also visited: Sewer.

You collected 147 gold pieces.

Inventory:

Hand Weapons
 a - a +0 flail (weapon)
 A - a +0 blowgun
Missiles
 w - 5 javelins (quivered)
 x - 4 tomahawks
 y - 3 needles of sleeping
Armour
 b - a +0 scale mail (worn)
 c - a +0 shield (worn)
Jewellery
 i - an uncursed amulet of rage
Scrolls
 e - a scroll of blinking {unknown}
 g - 3 scrolls of enchant armour {unknown}
 k - a scroll of fear {unknown}
 l - a scroll of immolation {unknown}
 m - 3 scrolls of remove curse {unknown}
 p - 2 scrolls of amnesia {unknown}
 q - 4 scrolls of identify {unknown}
 r - 2 scrolls of enchant weapon {unknown}
 z - 2 scrolls of teleportation {unknown}
Potions
 h - 5 potions of curing
 o - a potion of lignification
 u - a potion of haste {unknown}
 v - 2 potions of heal wounds {unknown}
 B - 2 potions of flight {unknown}
Books
 s - a book of Power

   Spells                             Type                      Level
   a - Fulminant Prism                Conjuration/Hexes            4
   b - Iskenderun's Mystic Blast      Conjuration                  4
   c - Venom Bolt                     Conjuration/Poison           5
   d - Bolt of Magma                  Conjuration/Fire/Earth       5
   e - Iron Shot                      Conjuration/Earth            6
   f - Orb of Destruction             Conjuration                  7
   g - Spellforged Servitor           Conjuration/Summoning        7
Comestibles
 d - 2 slices of pizza
 f - 4 bread rations
 j - 2 chunks of flesh
 n - 2 beef jerkies
 t - a royal jelly


   Skills:
 + Level 7.2 Fighting
 + Level 6.8 Maces & Flails
 - Level 3.6 Armour
 + Level 3.8 Shields


You had 6 spell levels left.
You didn't know any spells.

Dungeon Overview and Level Annotations

Branches:
Dungeon (6/15)
 Temple: D:4-7

Altars:
Cheibriados
Dithmenos
Elyvilon
Fedhas
Kikubaaqudgha
Makhleb
Nemelex Xobeh
Uskayaw
The Shining One

Annotations:
D:2 exclusion: oklob plant
D:4 ElliotRodger's ghost, amateur CeHu


Innate Abilities, Weirdness & Mutations

You reflexively headbutt those who attack you in melee.
You have a pair of horns on your head.


Message History

The jelly is severely wounded.
The jelly completely misses you.
You hit the jelly.
Your hands burn!
The jelly is severely wounded.
The jelly hits you.
You are splashed with acid!
The acid burns!
You hit the jelly but do no damage.
Your hands burn!
The jelly is severely wounded.
The jelly hits you.
You are splashed with acid!
The acid corrodes you!
The acid burns!
You hit the jelly.
Your hands burn!
The jelly is severely wounded.
The jelly hits you.
You are splashed with acid!
The acid corrodes you!
The acid burns!
* * * LOW HITPOINT WARNING * * *
The jelly hits you.
* * * LOW HITPOINT WARNING * * *
You are splashed with acid!
The acid burns!
* * * LOW HITPOINT WARNING * * *
You hit the jelly. The acid corrodes you!
Your hands burn!
You die...

#.# # #..#### #.# #
+..'..# #.# #.####..#..#
##.# #.......####. #)[#
#............ ##.##
#####.#####.. #..# ##.#.#
.
...###########....###....
...............J@.>.'....
<..###########....###....
#..# ##.#(# .. ##.##
###.# #.#.## ... .###.##
#.## ## ##.# #.# .###.##
..# #.#.##


You could see a jelly.

Vanquished Creatures
  An ice beast (D:5)
  An ogre (D:5)
  A centaur (D:5)
  A big kobold (Sewer)
  A jelly (D:5)
  An orc wizard (D:5)
  A worker ant (D:5)
  4 adders
  An ooze (D:2)
  2 worms
  5 giant geckos
  11 orcs
  6 giant cockroaches
  11 hobgoblins
  2 jackals (Sewer)
  A quokka (D:2)
  2 ball pythons
  8 bats
  2 giant newts (D:1)
  11 goblins
  12 kobolds
  9 rats
  A plant (D:5)
95 creatures vanquished.

Vanquished Creatures (others)
  A plant (D:5)
1 creature vanquished.

Grand Total: 96 creatures vanquished

Notes
Turn   | Place    | Note
--------------------------------------------------------------
     0 | D:1      | Musica the Minotaur Fighter began the quest for the Orb.
     0 | D:1      | Reached XP level 1. HP: 19/19 MP: 0/0
    95 | D:1      | Reached XP level 2. HP: 27/27 MP: 1/1
    98 | D:1      | Reached skill level 4 in Fighting
   284 | D:2      | Reached XP level 3. HP: 25/34 MP: 2/2
   630 | D:2      | Found a glowing golden altar of the Shining One.
  1049 | D:2      | Found a blossoming altar of Fedhas.
  1066 | D:2      | Noticed an oklob plant
  1225 | D:2      | Became a worshipper of the Shining One
  1429 | D:3      | Reached skill level 5 in Fighting
  1510 | D:3      | Found a shadowy altar of Dithmenos.
  1560 | D:3      | Found a white marble altar of Elyvilon.
  1560 | D:3      | Found a snail-covered altar of Cheibriados.
  1592 | D:3      | Reached XP level 4. HP: 35/42 MP: 3/3
  1656 | D:3      | Found a sparkling altar of Nemelex Xobeh.
  2096 | D:4      | Noticed ElliotRodger's ghost (amateur CeHu)
  2183 | D:5      | Entered Level 5 of the Dungeon
  2193 | D:5      | Reached XP level 5. HP: 44/48 MP: 4/4
  2206 | D:5      | Noticed a centaur
  2207 | D:5      | Noticed an ice beast
  2213 | D:5      | Killed a centaur
  2213 | D:5      | Reached skill level 6 in Fighting
  2213 | D:5      | Reached skill level 5 in Maces & Flails
  2228 | D:5      | HP: 1/50 [ice beast (12)]
  2232 | D:5      | Killed an ice beast
  2232 | D:5      | Reached XP level 6. HP: 1/58 MP: 5/5
  2294 | D:5      | Found an ancient bone altar of Kikubaaqudgha.
  2378 | D:5      | Found a burning altar of Makhleb.
  2432 | D:5      | Found a glowing drain.
  2443 | Sewer    | Entered a sewer
  2646 | Sewer    | Found a glowing silver altar of Zin.
  2776 | D:5      | Reached skill level 7 in Fighting
  2853 | D:5      | Reached XP level 7. HP: 59/66 MP: 6/6
  2877 | D:5      | Found a hide-covered altar of Uskayaw.
  3200 | D:5      | HP: 2/66 [acid (9)]
  3201 | D:5      | Splashed by a jelly's acid

Vault maps used:
D:1:      matt_arrival_diagonals
D:2:      tso_metal_star, minmay_door_square, tgw_fedhas
D:3:      nicolae_dithmenos_through_a_glass_darkly,
          nicolae_overflow_crystal_walls, gammafunk_temple_overflow_elements
D:4:      lemuel_round_altar, lightli_corner_chamber, uniq_blork_the_orc
D:5:      corexii_shack_village, kennysheep_little_box,
          grunt_temple_overflow_open, first_bread, gup_sewer_entry_pipe
D:6:      marbit_many_paths, nicolae_qazlal_style_of_elements,
          minmay_temple_entry_enclosed_plants, serial_shops, shop,
          minmay_misc_feat_rows, kennysheep_pointless_box,
          nemelex_xobeh_ov_fountains_minmay
Sewer:    sewer_kobolds

Skill      XL: |  1  2  3  4  5  6 |
---------------+-------------------+-----
Fighting       | 4 5 6 7 |  7.2
Maces & Flails | 3 4 5 6 |  6.8
Armour         | |  3.6
Shields        | |  3.8

Action                   |  1- 3 |  4- 6 |  7- 9 || total
-------------------------+-------+-------+-------++-------
Melee: Flail             |    99 |   113 |    57 ||   269
       Headbutt          |    16 |    17 |    11 ||    44
  Use: Potion            |       |     5 |       ||     5
  Eat: Meat ration       |     1 |       |       ||     1
       Royal jelly       |       |     1 |       ||     1
       Chunk             |       |       |     1 ||     1
Armor: Scale mail        |    50 |    37 |     9 ||    96
Dodge: Dodged            |    45 |    28 |     9 ||    82
Block: Shield            |    76 |    57 |    12 ||   145
